AoeStats
← infolutz

Arabia

510016987Analyzed
3v3 RM · 5d ago on Sep 29, 2026· 50m 30s· 6 players
Game mode
Random Map
Map size
Normal (6 player)
Population
200
Speed
Normal
Resources
Standard
Victory
Conquest
Starting age
Dark Age
Ending age
Imperial Age
RankedLock teamsTeams togetherTeam positionsShared explorationLock speedFull tech treeHidden civsTurbo modeCheats
Victory
Defeat
🇧🇷 Chinese · Brazil
892
+11
🇧🇷 Teutons · Brazil
836
+13
🇨🇱 Dravidians · Chile
815
+15
🇧🇷 Vietnamese · Brazil
809
-14
🇨🇴 Britons · Colombia
801
-14
🇺🇸 Ethiopians · United States
722
-11
infolutz
0:30 Loom
11:38 Feudal Age
14:48 Horse Collar
19:16 Double-Bit Axe
23:09 Castle Age
24:22 Thumb Ring
25:05 Crossbowman
32:35 Chatras
33:53 Wheelbarrow
34:18 Husbandry
34:28 Bloodlines
35:33 Fletching
36:08 Bow Saw
39:20 Imperial Age
37:13 Hand Cart
38:27 Bodkin Arrow
38:33 Padded Archer Armor
38:39 Scale Barding Armor
38:46 Forging
41:32 Chain Barding Armor
41:13 Bracer
41:29 Leather Archer Armor
45:17 Ring Archer Armor
45:24 Plate Barding Armor
45:26 Iron Casting
44:31 Elite Skirmisher
45:52 Imperial Skirmisher
47:53 Pikeman
48:34 Squires
Thwart
0:48 Loom
12:48 Feudal Age
16:30 Double-Bit Axe
16:30 Horse Collar
21:13 Wheelbarrow
20:56 Town Watch
24:42 Castle Age
24:39 Man-at-Arms
25:35 Squires
26:12 Bow Saw
27:05 Light Cavalry
30:29 Heavy Plow
30:48 Hand Cart
30:59 Hand Cart
30:44 Town Patrol
30:50 Stone Mining
32:15 Murder Holes
34:09 Husbandry
35:17 Gold Mining
38:06 Caravan
38:02 Arson
37:38 Long Swordsman
39:36 Gold Shaft Mining
39:37 Stone Shaft Mining
39:17 Forging
39:09 Scale Mail Armor
39:27 Elite Skirmisher
40:13 Thumb Ring
43:26 Fortified Wall
42:42 Crossbowman
47:47 Imperial Age
47:15 Ballistics
47:00 Padded Archer Armor
47:07 Scale Barding Armor
48:55 Conscription
JERIAS0945
5:47 Loom
11:02 Feudal Age
11:43 Double-Bit Axe
21:27 Castle Age
20:10 Stone Mining
20:12 Gold Mining
28:04 Fletching
29:01 Horse Collar
31:54 Bow Saw
34:35 Crossbowman
35:15 Bodkin Arrow
35:39 Town Watch
36:29 Wheelbarrow
38:08 Padded Archer Armor
37:47 Pikeman
41:00 Imperial Age
41:06 Imperial Age
39:18 Ballistics
43:10 Bracer
42:58 Arbalester
44:28 Elite Skirmisher
46:53 Chemistry
gM1
9:25 Feudal Age
10:16 Double-Bit Axe
12:21 Loom
13:15 Horse Collar
20:40 Castle Age
19:10 Stone Mining
19:14 Gold Mining
22:25 Gold Mining
25:58 Bow Saw
26:35 Wheelbarrow
26:32 Town Watch
30:22 Heavy Plow
31:00 Stone Shaft Mining
30:54 Hand Cart
31:22 Caravan
35:27 Imperial Age
34:58 Caravan
36:04 Forging
35:56 Scale Mail Armor
36:58 Bloodlines
36:08 Cavalier
36:21 Elite Teutonic Knight
39:10 Two-Man Saw
39:14 Crop Rotation
38:32 Paladin
40:20 Iron Casting
39:51 Scale Barding Armor
40:02 Chain Mail Armor
41:46 Coinage
42:50 Conscription
43:57 Hoardings
45:03 Blast Furnace
44:26 Chain Barding Armor
46:50 Plate Mail Armor
48:14 Plate Barding Armor
50:10 Fervor
50:34 Illumination
50:31 Sanctity
Leoking
0:39 Loom
12:49 Feudal Age
13:34 Arson
13:11 Man-at-Arms
13:53 Horse Collar
14:01 Double-Bit Axe
14:32 Gold Mining
20:06 Scale Mail Armor
27:22 Castle Age
25:28 Stone Mining
27:10 Forging
27:26 Pikeman
28:06 Squires
27:52 Gambesons
29:08 Chain Mail Armor
29:33 Wheelbarrow
33:11 Heavy Plow
33:26 Thumb Ring
32:45 Crossbowman
32:50 Elite Skirmisher
36:20 Iron Casting
37:12 Padded Archer Armor
37:03 Fletching
37:57 Bow Saw
38:53 Ballistics
40:18 Bodkin Arrow
40:39 Leather Archer Armor
42:57 Imperial Age
40:42 Caravan
45:15 Chemistry
43:40 Elite Elephant Archer
45:53 Siege Elephant
47:55 Ring Archer Armor
47:26 Bracer
48:26 Blast Furnace
47:57 Plate Mail Armor
48:25 Medical Corps
49:36 Arbalester
BIRIBINHA
9:27 Feudal Age
13:46 Fletching
16:17 Padded Archer Armor
21:48 Loom
22:38 Wheelbarrow
25:21 Castle Age
26:49 Hand Cart
26:24 Town Watch
26:55 Hand Cart
27:43 Bodkin Arrow
28:04 Leather Archer Armor
27:12 Crossbowman
27:57 Thumb Ring
27:58 Horse Collar
28:07 Double-Bit Axe
31:20 Stone Mining
31:23 Gold Mining
32:24 Heavy Plow
33:02 Stone Shaft Mining
32:43 Bow Saw
35:13 Gold Shaft Mining
39:44 Imperial Age
37:10 Town Watch
38:46 Forging
38:36 Scale Mail Armor
38:30 Pikeman
39:10 Squires
39:46 Halberdier
41:22 Iron Casting
41:03 Chain Mail Armor
40:30 Capped Ram
41:40 Town Patrol
45:14 Two-Man Saw
45:24 Blast Furnace
44:55 Plate Mail Armor
44:57 Bracer
45:28 Ring Archer Armor
44:30 Siege Ram
46:06 Conscription
46:08 Elite Chu Ko Nu
47:18 Heated Shot
47:48 Ballistics
48:28 Chemistry
Connection lost

Rejoining the realm…

Still unreachable

The connection could not be restored.

Session expired

The server has moved on; the page needs a fresh start.